 Dungeon Crawl Stone Soup version 0.18-a0-1805-g8ab820f (webtiles) character file.

26 M4edhros the Grave Robber (level 3, 0/21 HPs)
             Began as an Octopode Necromancer on Apr 25, 2016.
             Succumbed to a kobold's poison
             ... on level 3 of the Dungeon.
             The game lasted 00:02:55 (550 turns).

M4edhros the Grave Robber (Octopode Necromancer)     Turns: 550, Time: 00:02:56

Health: 0/21       AC:  1    Str:  7    XL:     3   Next: 8%
Magic:  3/6        EV: 12    Int: 17    God:
Gold:   27         SH:  0    Dex: 13    Spells: 2 memorised, 4 levels left

rFire  . . .     SeeInvis .       - Unarmed
rCold  . . .     Gourm    .     (no shield)
rNeg   . . .     Faith    .     (helmet restricted)
rPois  .         Spirit   .     (no amulet)
rElec  .         Dismiss  .     (no ring)
rCorr  .         Reflect  .     (no ring)
SustAt .         Harm     .     (no ring)
MR     .....                    (no ring)
Stlth  +++.......               (no ring)
                                (no ring)
                                (no ring)
                                (no ring)

@: lethally poisoned (0 -> -4), not resistant to hostile enchantments, fairly
stealthy
A: almost no armour, amphibious, 8 rings, constrict 8, camouflage 1, gelatinous
body 1
a: no special abilities


You were on level 3 of the Dungeon.
You were not hungry.

You visited 1 branch of the dungeon, and saw 3 of its levels.

You collected 27 gold pieces.

Inventory:

Missiles
 h - a poisoned needle
Wands
 i - a wand of lightning (7/15)
Scrolls
 d - a scroll of noise {unknown}
 e - a scroll of enchant armour {unknown}
 f - 2 scrolls of identify {unknown}
 j - 2 scrolls of fog {unknown}
Books
 a - a book of Necromancy

   Spells                             Type                      Level
   a - Pain                           Necromancy                   1
   b - Animate Skeleton               Necromancy                   1
   c - Vampiric Draining              Necromancy                   3
   d - Regeneration                   Charms/Necromancy            3
   e - Animate Dead                   Necromancy                   4
   f - Control Undead                 Necromancy                   4
Miscellaneous
 c - a plain deck of defence {drawn: 1}
Comestibles
 b - a bread ration
 g - a beef jerky
 k - a meat ration
 n - 3 chunks of flesh


   Skills:
 - Level 2.0 Dodging
 - Level 2.6 Stealth
 + Level 2.6 Unarmed Combat
 - Level 2.0 Spellcasting
 - Level 4.0 Necromancy


You had 4 spell levels left.
You knew the following spells:

 Your Spells              Type           Power        Failure   Level  Hunger
a - Pain                  Necr           ###.         3%          1    #......
b - Animate Skeleton      Necr           N/A          3%          1    #......


Dungeon Overview and Level Annotations

Branches:
Dungeon (3/15)

Altars:
Nemelex Xobeh

Annotations:
D:2 Jessica


Innate Abilities, Weirdness & Mutations

You cannot wear most types of armour.
You are amphibious.
You can wear up to eight rings at the same time.
You can use your tentacles to constrict eight enemies at once.
Your skin changes colour to match your surroundings (Stealth).
Your rubbery body absorbs attacks (AC +1).


Message History

Evoking this partially-identified wand wasted a few charges.
You hear a shout! x4
* * * LOW HITPOINT WARNING * * *
You feel sick.
Things that are here:
a poisoned needle; a worm corpse
h - a poisoned needle A hobgoblin comes into view.
It is wielding a club.
* * * LOW HITPOINT WARNING * * *
You feel sick.
Things that are here:
an uncursed club; an uncursed blowgun; 10 poisoned needles
Casting: Pain
Confirm with . or Enter, or press ? or * to list all spells.
Aiming: Pain
Press: ? - help, Shift-Dir - straight line, f - hobgoblin
Aim: a hobgoblin, wielding a club (chance to defeat MR: 92%)
The hobgoblin convulses in agony!
You kill the hobgoblin!
You die...

.## ..#
...# )..#
######...##
#...#.....#
#(#.#.....#
#.(.)..[#
###@#...#
#†###.#
#..<# #
#####


There were no monsters in sight!

Vanquished Creatures
  2 worms
  A giant gecko (D:2)
  3 bats
  A giant cockroach (D:2)
  2 goblins (D:2)
  5 hobgoblins
  A kobold (D:3)
  3 rats
18 creatures vanquished.

Vanquished Creatures (collateral kills)
  A quokka (D:2)
1 creature vanquished.

Grand Total: 19 creatures vanquished

Notes
Turn   | Place    | Note
--------------------------------------------------------------
     0 | D:1      | M4edhros the Octopode Necromancer began the quest for the Orb.
     0 | D:1      | Reached XP level 1. HP: 11/11 MP: 3/3
   197 | D:1      | Reached skill level 1 in Unarmed Combat
   330 | D:2      | Reached XP level 2. HP: 16/17 MP: 1/5
   437 | D:2      | Learned a level 1 spell: Animate Skeleton
   501 | D:2      | Noticed Jessica
   544 | D:3      | Reached XP level 3. HP: 3/21 MP: 3/6
   548 | D:3      | HP: 1/21 [poisoned by a kobold]
   550 | D:3      | Succumbed to a kobold's poison

Vault maps used:
D:1:      eino_arrival_druids_welcome, nemelex_deck
D:2:      patterned_corridor, uniq_jessica, uniq_iyjb
D:3:      first_bread, lemuel_angel_altar

Skill      XL: |  1  2 |
---------------+-------+-----
Unarmed Combat | 1 2 |  2.6
Dodging        | |  2.0
Stealth        | |  2.6
Spellcasting   | |  2.0
Necromancy     | |  4.0

Action                   || total
-------------------------++-------
Melee: Unarmed           ||    20
       Constrict         ||     6
       Tentacles         ||     2
 Cast: Pain              ||    21
       Animate Skeleton  ||     3
Evoke: Deck              ||     1
       Wand              ||     1
  Use: Potion            ||     4
Armor: Skin              ||     1
Dodge: Dodged            ||    15
